 Dungeon Crawl Stone Soup version 0.27.1-3-gb3d3a73c9e (webtiles) character file.

Game seed: 701672463693407201

505 GameOver the Conjurer (level 7, -5/55 HPs)
             Began as a Naga Hedge Wizard on Oct 26, 2021.
             Was an Initiate of Kikubaaqudgha.
             Slain by Dowan (8 damage)
             ... on level 5 of the Dungeon.
             The game lasted 00:15:21 (3316 turns).

GameOver the Conjurer (Naga Hedge Wizard)           Turns: 3316, Time: 00:15:24

Health: -5/55      AC:  4    Str: 12    XL:     7   Next: 18%
Magic:  1/11       EV:  9    Int: 17    God:    Kikubaaqudgha [......]
Gold:   67         SH:  0    Dex: 10    Spells: 5/12 levels left

rFire    . . .     SeeInvis +   j - +0 spear
rCold    . . .     Faith    .   (no shield)
rNeg     . . .     Spirit   .   b - +0 robe
rPois    +         Reflect  .   c - +0 hat
rElec    .         Harm     .   (no cloak)
rCorr    .         Rampage  .   f - +0 pair of gloves
Will     .....                  (no barding)
Stlth    +++.......             (no amulet)
HPRegen  0.18/turn              (no ring)
MPRegen  0.12/turn              (no ring)

@: short of breath, very slow
A: AC +2, large, see invisible, deformed body, poison resistance, slowness 2,
spit poison 1, naga tail 1
a: Spit Poison, Renounce Religion


You were on level 5 of the Dungeon.
You worshipped Kikubaaqudgha.
Kikubaaqudgha was noncommittal.
You visited 1 branch of the dungeon, and saw 5 of its levels.

You collected 169 gold pieces.
You spent 102 gold pieces at shops.

Inventory:

Hand Weapons
 a - a +0 short sword
 j - a +0 spear (weapon)
Armour
 b - a +0 robe (worn)
 c - a +0 hat (worn)
 f - a +0 pair of gloves (worn)
Magical Staves
 e - a staff of poison
Wands
 l - a wand of iceblast (13)
Scrolls
 g - 4 scrolls of immolation
 h - 3 scrolls of enchant weapon {unknown}
 i - 3 scrolls of identify {unknown}
 k - 2 scrolls of teleportation
 m - a scroll of enchant armour {unknown}
 n - a scroll of holy word {unknown}
 o - 2 scrolls of fear {unknown}
 p - 2 scrolls of fog
 q - a scroll of silence {unknown}
 r - a scroll of vulnerability {unknown}
Potions
 d - 3 potions of curing


   Skills:
 - Level 1.5 Dodging
 + Level 4.9 Stealth
 - Level 3.0 Spellcasting
 - Level 6.0 Conjurations
 - Level 1.0 Summonings
 - Level 1.0 Translocations
 * Level 4.2 Poison Magic


You had 5 spell levels left.
You knew the following spells:

 Your Spells              Type           Power      Damage    Failure   Level
a - Magic Dart            Conj           88%        1d7       1%          1
b - Blink                 Tloc           N/A        N/A       17%         2
d - Mephitic Cloud        Conj/Pois/Air  14%        N/A       13%         3
z - Apportation           Tloc           10%        N/A       12%         1

Your spell library contained the following spells:

 Spells                   Type           Power      Damage    Failure   Level
 Summon Small Mammal      Summ           20%        N/A       12%         1
 Conjure Flame            Conj/Fire      12%        6-21      16%         3
 Animate Skeleton         Necr           4%         N/A       17%         1
 Corona                   Hex            2%         N/A       17%         1
 Call Imp                 Summ           5%         N/A       17%         2
 Slow                     Hex            2%         N/A       26%         2
 Call Canine Familiar     Summ           5%         N/A       34%         3
 Portal Projectile        Hex/Tloc       8%         N/A       38%         3
 Leda's Liquefaction      Hex/Erth       1%         N/A       86%         4


Dungeon Overview and Level Annotations

Branches:
Dungeon (5/15)
 Temple: D:4-7

Altars:
Hepliaklqana
Kikubaaqudgha

Shops:
D:4 *

Annotations:
D:5 Dowan


Innate Abilities, Weirdness & Mutations

Your serpentine skin is tough. (AC +2)
You have supernaturally acute eyesight. (SInv)
Armour fits poorly on your strangely shaped body.
Your system is resistant to poisons. (rPois)
You cover ground very slowly.
You can spit poison.
You have a snake-like lower body.


Message History

Dowan is lightly wounded.
The stinking cloud engulfs you but does no damage.
Duvessa is engulfed in noxious fumes.
Duvessa appears confused.
Duvessa barely misses you.
Dowan is engulfed in noxious fumes.
Dowan appears confused.
Dowan hits Duvessa with a +2 dagger of electrocution.
Unknown command.
Duvessa is engulfed in noxious fumes.
Dowan is engulfed in noxious fumes.
Press: ? - help, Shift-Dir - straight line, f/p - Duvessa
Aim: Duvessa, wielding a +0 short sword and wearing a +2 scale mail of cold resistance (almost dead, confused)
The splash of poison hits Duvessa but does no damage.
Duvessa is poisoned.
Duvessa is almost dead.
Duvessa barely misses Dowan.
You barely miss Duvessa.
Duvessa is almost dead.
Duvessa barely misses you.
You hit Duvessa but do no damage.
Duvessa is almost dead.
You have got your breath back.
You kill Duvessa!
Kikubaaqudgha accepts your kill.
Dowan screams, "No!
Oh no!"
Dowan seems to find hidden reserves of power!
Training target 6.0 for Conjurations reached!
Your Conjurations skill increases to level 6!
Your Poison Magic skill increases to level 4!
You have reached level 7!
Press: ? - help, Shift-Dir - straight line, f - Dowan
Aim: Dowan, wielding a +2 dagger of electrocution and wearing a +0 robe (lightly wounded, fast, confused)
The splash of poison hits Dowan but does no damage.
Dowan is lightly wounded.
Dowan hits you with a +2 dagger of electrocution.
You are electrocuted!
* * * LOW HITPOINT WARNING * * *
Dowan hits you with a +2 dagger of electrocution.
* * * LOW HITPOINT WARNING * * *
You are electrocuted!
You die...
Kikubaaqudgha rasps: "You have failed me!
Welcome... death!"

##.# #...# ... #.
#...# ... #.###...##
...e#........#
...#........#
............#
..#.........#
...#..###....#########
.....>..'......e@...<#
#...#####....#########
#... #....# #....#
#....# #....# #....#
#....# ######


You could see Dowan (fast, confused).

Vanquished Creatures
  Duvessa (D:5)
  2 vampire bats (D:4)
  2 hounds (D:5)
  An orc priest (D:3)
  2 jellies
  Ijyb (D:3)
  A howler monkey skeleton (D:4)
  6 adders
  A worm (D:3)
  12 orcs
  6 ball pythons
  4 bat skeletons (D:4)
  2 bat zombies (D:4)
  6 endoplasms
  2 giant cockroaches
  4 goblins
  5 hobgoblins
  2 jackals (D:3)
  3 quokkas
  5 bats
  4 frilled lizards
  6 kobolds
  4 rats
82 creatures vanquished.

Notes
Turn   | Place    | Note
-------+----------+-------------------------------------------
     0 | D:1      | GameOver the Naga Hedge Wizard began the quest for the Orb.
     0 | D:1      | Reached XP level 1. HP: 15/15 MP: 4/4
   140 | D:1      | Reached skill level 2 in Conjurations
   140 | D:1      | Reached XP level 2. HP: 22/22 MP: 6/6
   642 | D:2      | Reached XP level 3. HP: 28/28 MP: 5/7
   645 | D:2      | Learned a level 2 spell: Blink
   649 | D:2      | Learned a level 3 spell: Mephitic Cloud
   697 | D:2      | Reached skill level 3 in Conjurations
   800 | D:2      | Found a hazy altar of Hepliaklqana.
  1378 | D:3      | Learned a level 1 spell: Apportation
  1487 | D:3      | Reached XP level 4. HP: 36/36 MP: 8/8
  1501 | D:3      | Reached skill level 4 in Conjurations
  1555 | D:3      | Noticed Ijyb
  1675 | D:3      | Killed Ijyb
  1676 | D:3      | Reached XP level 5. HP: 26/42 MP: 0/9
  1839 | D:3      | Reached skill level 5 in Conjurations
  2464 | D:4      | Reached skill level 1 in Poison Magic
  2701 | D:4      | Reached XP level 6. HP: 46/49 MP: 2/10
  2739 | D:4      | Found an ancient bone altar of Kikubaaqudgha.
  2869 | D:4      | Became a worshipper of Kikubaaqudgha
  3030 | D:4      | Found Pucva's General Store.
  3036 | D:4      | Bought a scroll of teleportation for 36 gold pieces
  3036 | D:4      | Bought a scroll of fog for 24 gold pieces
  3036 | D:4      | Bought a scroll of immolation for 42 gold pieces
  3188 | D:5      | Entered Level 5 of the Dungeon
  3289 | D:5      | Noticed Duvessa
  3289 | D:5      | Noticed Dowan
  3315 | D:5      | Killed Duvessa
  3316 | D:5      | Reached skill level 6 in Conjurations
  3316 | D:5      | Reached XP level 7. HP: 23/55 MP: 1/11
  3316 | D:5      | Slain by Dowan

Illustrated notes

Levels and vault maps discovered:
D:1:      dpeg_arrival_court, layout_loops_ring
D:2:      cheibrodos_old_hovel, layout_loops_ring, basic_altar,
          grunt_decor_fettered, minivault_24, kennysheep_minor_cross,
          st_stairs_14
D:3:      kennysheep_six_static_rooms, layout_loops_cross, uniq_ijyb
D:4:      layout_basic, kennysheep_vampire_church, serial_shops,
          nicolae_stop_n_shop_2
D:5:      layout_basic, uniq_eustachio, uniq_duvessa

Skill      XL: |  1  2  3  4  5  6 |
---------------+-------------------+-----
Conjurations   | 2 3 4 5 6 |  6.0
Poison Magic   | 1 4 |  4.2
Stealth        | 4 |  4.9
Dodging        | |  1.5
Spellcasting   | |  3.0
Summonings     | |  1.0
Translocations | |  1.0

Action                   |  1- 3 |  4- 6 |  7- 9 || total
-------------------------+-------+-------+-------++-------
Melee: Dagger            |     2 |       |       ||     2
       Spear             |       |    67 |       ||    67
 Cast: Magic Dart        |    53 |    83 |       ||   136
       Mephitic Cloud    |       |     5 |       ||     5
 Abil: Spit Poison       |    39 |    39 |     1 ||    79
  Use: Potion            |       |     5 |       ||     5
Armor: Robe              |     3 |    54 |       ||    57
Dodge: Dodged            |     7 |    83 |       ||    90
